Map: Neon Violet Square LE

Players

Neeb - Winner!

  • Race: Protoss Protoss
  • Spawn Location: 11:00

Zanster

  • Race: Zerg Zerg
  • Spawn Location: 5:00

Event: WCS Leipzig 2018

VOD

Have the link to the VOD?

Description

Time

  • Played on: Jan. 26, 2018, 12:12 p.m.
  • Length: 5:22

All games in this series

Show
View Real Time Build Order
Export as new Build Order

Neeb Protoss - Winner!

Build Orders: 1 Gate Expand, Oracle Opening 

Get SALT Encoding   

  12  0:00  Probe  
  13  0:12  Probe  
  14  0:19  Pylon  
  14  0:24  Probe  
  15  0:37  Probe (Chrono Boost)  
  16  0:42  Gateway  
  16  0:46  Probe (Chrono Boost)  
  16  0:49  Assimilator  
  17  0:51  Probe  
  18  1:04  Probe  
  19  1:16  Probe  
  20  1:26  Nexus  
  20  1:35  Cybernetics Core  
  20  1:38  Probe  
  21  1:46  Assimilator  
  21  1:50  Probe  
  22  1:54  Pylon  
  22  2:02  Probe  
  23  2:10  Adept (Chrono Boost)  
  23  2:14  Probe  
  26  2:22  Stargate  
  26  2:26  Probe  
  26  2:29  Adept  
  29  2:37  Warp Gate (Chrono Boost)  
  29  2:38  Probe x2 (Chrono Boost)  
  31  2:48  Probe x2 (Chrono Boost)  
  33  2:53  Probe x2 (Chrono Boost)  
  33  2:56  Adept  
  37  3:05  Probe x2  
  39  3:06  Oracle (Chrono Boost)  
  42  3:15  Pylon  
  42  3:17  Probe x2  
  44  3:24  Gateway  
  44  3:27  Pylon  
  44  3:29  Probe x2  
  46  3:37  Oracle  
  46  3:41  Probe  
  50  3:42  Probe  
  50  3:47  Pylon  
  51  3:48  Shield Battery  
  51  3:53  Probe  
  49  3:59  Shield Battery  
  49  4:01  Pylon  
  49  4:02  Adept (Chrono Boost), Shield Battery  
  50  4:10  Gateway  
  50  4:13  Gateway  
  50  4:28  Oracle  
  53  4:34  Pylon  
  53  4:38  Probe x2  
  54  4:43  Adept x2  
  59  4:50  Probe x2  
  60  4:55  Assimilator  
  60  4:57  Assimilator  
  60  5:02  Probe x2  
  60  5:06  Sentry  
  60  5:07  Sentry  
  66  5:15  Nexus  
  66  5:16  Pylon  
Show
View Real Time Build Order
Export as new Build Order

Zanster Zerg 

Build Orders: Hatch First, Zergling Baneling 

Get SALT Encoding   

  12  0:00  Drone  
  13  0:13  Overlord  
  13  0:18  Drone  
  14  0:31  Drone x2  
  14  0:35  Drone  
  17  0:54  Hatchery  
  17  0:57  Drone  
  17  1:00  Drone  
  18  1:11  Extractor  
  17  1:16  Spawning Pool  
  16  1:20  Drone  
  16  1:22  Drone  
  18  1:29  Drone  
  19  1:40  Drone  
  20  1:51  Overlord  
  20  2:03  Queen  
  20  2:06  Queen  
  20  2:07  Zergling x4  
  26  2:13  Metabolic Boost  
  26  2:14  Drone  
  27  2:18  Drone  
  28  2:24  Drone  
  28  2:29  Drone  
  30  2:40  Hatchery  
  29  2:45  Drone x2  
  29  2:50  Overlord  
  31  3:01  Zergling x2  
  31  3:02  Zergling x4  
  34  3:06  Baneling Nest  
  34  3:12  Zergling x2  
  34  3:13  Zergling x6  
  34  3:15  Zergling x2  
  38  3:21  Evolution Chamber  
  38  3:23  Zergling x2  
  38  3:25  Zergling x2  
  39  3:30  Overlord  
  39  3:38  Zergling x6  
  39  3:48  Zergling x2  
  39  3:49  Zergling x6  
  41  4:02  Baneling x5  
  39  4:03  Baneling  
  39  4:04  Zergling x4  
  39  4:05  Zergling x2  
  42  4:10  Zergling x4  
  45  4:17  Zergling x4  
  43  4:27  Baneling  
  43  4:31  Zergling x10  
  45  4:36  Zergling x2  
  43  4:46  Zergling x2  
  43  4:47  Zergling x8  
  46  4:56  Baneling x2  
  46  4:57  Baneling x2  
  46  4:59  Baneling  
  44  5:01  Zergling x6  
Tags
 
Add a new tag
Caveats
  • Supply blocks, unpowered buildings, or Contaminate may cause inaccurate times.
  • Supply counts are checked every 10 seconds.